 Dungeon Crawl Stone Soup version 0.31-a0-182-gc5ef74bbde (webtiles) character file.

Game seed: 11873308370415192451

1475 benadryl the Cleaver (level 8, 0/53 HPs)
             Began as a Gargoyle Fighter on June 21, 2023.
             Slain by an ogre
             ... wielding a +0 giant spiked club
              (31 damage)
             ... on level 6 of the Dungeon.
             The game lasted 00:04:30 (5554 turns).

benadryl the Cleaver (Gargoyle Fighter)             Turns: 5554, Time: 00:04:31

Health: 0/53       AC: 13    Str: 21    XL:     8   Next: 78%
Magic:  8/8        EV: 10    Int:  5    God:
Gold:   242        SH:  4    Dex:  9    Spells: 7/7 levels left

rFire   . . .        a - +0 war axe
rCold   . . .        c - +0 buckler
rNeg    + + .        l - +0 ring mail of Panentheism {rElec Will+ Int-5 Slay+2}
rPois   ∞            m - +0 helmet
rElec   +            e - +0 cloak
rCorr   .            (no gloves)
SInv    .            (no boots)
Will    +....        (no amulet) Stlth
                     u - ring of positive energy
HPRegen 0.28/turn    p - ring of flight
MPRegen 0.11/turn

%: no passive effects
@: flying
A: sickness immunity, AC +5, negative energy resistance 1, electricity
resistance, torment resistance 1, petrification resistance
a: no special abilities


You were on level 6 of the Dungeon.
You visited 2 branches of the dungeon, and saw 7 of its levels.

You collected 242 gold pieces.

Inventory:

Hand Weapons
 a - a +0 war axe (weapon)
 k - a +0 battleaxe
Missiles
 t - 2 throwing nets
Armour
 c - a +0 buckler (worn)
 e - a +0 cloak (worn)
 l - the +0 ring mail of Panentheism (worn) {rElec Will+ Int-5 Slay+2}
   (You found it on level 2 of the Dungeon)

   Int:       It affects your intelligence (-5).
   Slay:      It affects your accuracy & damage with ranged weapons and melee
   (+2).
   rElec:     It insulates you from electricity.
   Will:      It increases your willpower.
 m - a +0 helmet (worn)
Jewellery
 p - a ring of flight (right hand)
 u - a ring of positive energy (left hand)
Wands
 g - a wand of quicksilver (9)
 s - a wand of flame (20)
Scrolls
 j - 2 scrolls of torment
 o - 2 scrolls of poison
 q - 3 scrolls of identify {@r1}
Potions
 b - a potion of brilliance {unknown}
 d - a potion of might
 f - a potion of heal wounds
 h - 2 potions of curing {@q1}
 i - 4 potions of attraction {unknown}
 n - a potion of mutation {unknown}
 r - 3 potions of enlightenment {unknown}


   Skills:
 + Level 7.5 Fighting
 * Level 8.1 Axes
 - Level 3.2 Armour
 - Level 3.2 Shields


You had 7 spell levels left.
You didn't know any spells.
Your spell library contained the following spells:

 Spells                   Type           Power      Damage    Failure   Level
 Magic Dart               Conj           0%         1d3       71%         1
 Call Imp                 Summ           0%         N/A       85%         2
 Ignite Poison            Fire/Tmut/Pois 0%         N/A       97%         3
 Mephitic Cloud           Conj/Pois/Air  0%         N/A       97%         3
 Petrify                  Tmut/Erth      0%         N/A       100%        4
 Freezing Cloud           Conj/Ice/Air   0%         6-21      100%        5
 Metabolic Englaciation   Hex/Ice        0%         N/A       100%        5
 Cigotuvi's Dreadful Rot  Necr/Pois/Air  Unusable   N/A       N/A         2
 Statue Form              Tmut/Erth      Unusable   N/A       N/A         6

Dungeon Overview and Level Annotations

Branches:
Dungeon (6/15)             Temple (1/1) D:4

Altars:
Ashenzari
Cheibriados
Dithmenos
Elyvilon
Fedhas
Kikubaaqudgha
Makhleb
Nemelex Xobeh
Okawaru
Qazlal
Ru
Sif Muna
Trog
Uskayaw
Vehumet
Wu Jian
Xom
Yredelemnul
Zin

Shops:
D:1 (*[


Innate Abilities, Weirdness & Mutations

You are immune to sickness and miasma.
Your stone body is resilient. (AC +5)
You are immune to poison.
You resist negative energy. (rN+)
You are resistant to electric shocks. (rElec)
You are resistant to unholy torment.
You are immune to petrification.


Message History

p - a ring of flight You fly up into the air.
p - a ring of flight (right hand)
An ogre comes into view. It is wielding a +0 giant spiked club.
An ogre is nearby!
The ogre hits you with a +0 giant spiked club!
You hit the ogre.
The ogre is lightly wounded.
The ogre hits you with a +0 giant spiked club.
You are too injured to fight recklessly!
You are too injured to fight recklessly!
You are too injured to fight recklessly!
You are too injured to fight recklessly!
You are too injured to fight recklessly!
You are too injured to fight recklessly!
You are too injured to fight recklessly!
You are too injured to fight recklessly!
You are too injured to fight recklessly!
You are too injured to fight recklessly!
You are too injured to fight recklessly!
You are too injured to fight recklessly!
You are too injured to fight recklessly!
You are too injured to fight recklessly!
You are too injured to fight recklessly!
You are too injured to fight recklessly!
You are too injured to fight recklessly!
Unknown command.
You barely miss the ogre.
The ogre is lightly wounded.
You slash the ogre!
The ogre is heavily wounded.
The ogre closely misses you.
You barely miss the ogre.
The ogre is heavily wounded.
The ogre hits you with a +0 giant spiked club!
You barely miss the ogre.
The ogre is heavily wounded.
The ogre hits you with a +0 giant spiked club!!
Ouch! That really hurt!
You die...

#........# .# #..
#........# #..
#).......# #.#
#........# #.#
+........# #.#
#........# #.#
########.#####
#..
.########.....##
#..
......O@.........
+..
.############.###
#.. # ###


You could see an ogre.

Vanquished Creatures
  Sigmund (D:2)
  A water moccasin (D:6)
  A sky beast (D:6)
  2 black bears
  3 ogres
  A bullfrog (D:4)
  A scorpion (D:6)
  A hound (D:5)
  A gnoll bouda (D:5)
  3 orc priests
  A jelly (D:5)
  An iguana (D:5)
  An orc wizard (D:5)
  Robin (D:2)
  15 gnolls
  6 adders
  A worm (D:4)
  2 dart slugs
  13 orcs
  6 bats
  3 endoplasms
  2 giant cockroaches
  9 goblins
  16 hobgoblins
  6 kobolds
  7 quokkas
  4 ball pythons
  6 frilled lizards
  7 rats
122 creatures vanquished.

Notes
Turn   | Place    | Note
-------+----------+-------------------------------------------
     0 | D:1      | benadryl the Gargoyle Fighter began the quest for the Orb.
     0 | D:1      | Reached XP level 1. HP: 14/14 MP: 1/1
    26 | D:1      | Reached skill level 2 in Axes
    88 | D:1      | Reached XP level 2. HP: 19/19 MP: 2/2
   112 | D:1      | Found Rufaanaq's Antique Weapon Emporium.
   229 | D:1      | Found Qimetobb's Assorted Antiques.
   346 | D:1      | Found Igugaada's Antique Armour Shop.
   416 | D:1      | Reached XP level 3. HP: 24/24 MP: 3/3
   802 | D:2      | Identified the +0 ring mail of Panentheism {rElec Will+
                  | Int-5 Slay+2}
   951 | D:2      | Reached skill level 3 in Axes
   979 | D:2      | Noticed Sigmund
   995 | D:2      | Killed Sigmund
   996 | D:2      | Reached skill level 4 in Axes
   996 | D:2      | Reached XP level 4. HP: 30/30 MP: 4/4
   996 | D:2      | Reached XP level 5. HP: 34/34 MP: 5/5
  1030 | D:2      | Noticed an ogre
  1046 | D:2      | Killed an ogre
  1047 | D:2      | Reached skill level 5 in Fighting
  1047 | D:2      | Reached XP level 6. HP: 26/40 MP: 6/6
  1184 | D:2      | Reached skill level 5 in Axes
  1644 | D:2      | Noticed Robin
  1654 | D:2      | Killed Robin
  2124 | D:3      | Reached XP level 7. HP: 44/44 MP: 7/7
  2749 | D:4      | Found a radiant altar of Vehumet.
  3268 | D:4      | Identified the +5 long sword of Caanut {flame, Str+2 Dex+4}
  3299 | D:4      | Reached skill level 6 in Axes
  3397 | D:4      | Found a staircase to the Ecumenical Temple.
  3411 | Temple   | Entered the Ecumenical Temple
  3928 | D:5      | Entered Level 5 of the Dungeon
  4276 | D:5      | Reached XP level 8. HP: 20/52 MP: 8/8
  4498 | D:5      | Found an ancient bone altar of Kikubaaqudgha.
  4568 | D:5      | Found a stormy altar of Qazlal.
  4592 | D:5      | Found a hide-covered altar of Uskayaw.
  4681 | D:5      | Reached skill level 7 in Axes
  4829 | D:5      | Found a glowing silver altar of Zin.
  5149 | D:5      | Found a basalt altar of Yredelemnul.
  5439 | D:6      | Reached skill level 8 in Axes
  5554 | D:6      | Slain by an ogre

Illustrated notes

Levels and vault maps discovered:
D:1:      tekkud_arrival_beachfront_property, layout_loops_ring, serial_shops,
          shop, nicolae_shop_waterfront, nicolae_shop_tiny_real_fake_doors,
          st_stairs_3
D:2:      layout_basic, hangedman_decor_clover_reticule, minivault_14,
          serial_park_tiny_pond, uniq_sigmund, uniq_robin
D:3:      layout_loops_corners
D:4:      layout_basic, vehumet_altar_wand_db, minmay_temple_entry_proselytizer,
          serial_bayou_pond_a, minivault_11
D:5:      layout_gridville, nicolae_overflow_quartered_altars, zin_academy
D:6:      layout_basic
Temple:   nicolae_temple_bog_church

Skill      XL: |  1  2  3  4  5  6  7  8 |
---------------+-------------------------+-----
Axes           | 2 4 5 6 8 |  8.1
Fighting       | 4 5 6 7 |  7.5
Armour         | |  3.2
Shields        | |  3.2

Action                     |  1- 3 |  4- 6 |  7- 9 || total
---------------------------+-------+-------+-------++-------
  Melee: War axe           |    83 |    76 |   208 ||   367
    Use: Scroll            |     4 |       |     7 ||    11
         Potion            |     2 |       |       ||     2
   Stab: Invisible         |     1 |       |       ||     1
 Armour: Scale mail        |    27 |       |       ||    27
         Ring mail         |    10 |    33 |   112 ||   155
  Dodge: Dodged            |    41 |    36 |   100 ||   177
  Block: Buckler           |    10 |    12 |    34 ||    56

Table legend: (Time is in decaauts)
 A = Elapsed time spent in this place.
 B = Non-inter-level travel time spent in this place.
 C = Inter-level travel time spent in this place.
 D = Time resting spent in this place.
 E = Time spent auto-exploring this place.
 F = Levels seen in this place.
 G = Mean time per level.
                   A        B        C        D        E       F      G
               +--------+--------+--------+--------+--------+-----+--------+
         Total |   5654 |   5474 |    180 |    873 |   3727 |   7 |  807.7 |
       Dungeon |   5483 |   5311 |    172 |    873 |   3576 |   6 |  913.8 |
        Temple |    170 |    162 |      8 |      0 |    151 |   1 |  170.0 |
               +--------+--------+--------+--------+--------+-----+--------+

Top non-repeatable levels by time:
     D:5: 1278 daAuts
     D:4: 1081 daAuts
     D:3: 984 daAuts
     D:2: 981 daAuts
     D:1: 791 daAuts
     D:6: 365 daAuts
  Temple: 170 daAuts
